 Dungeon Crawl Stone Soup version 0.22-a0-368-g870eee8 (console) character file.

112 vegansnacktivist the Changer (level 4, -2/32 HPs)
             Began as a Merfolk Transmuter on Apr 23, 2018.
             Killed by divine providence
             ... invoked by an orc priest
              (15 damage)
             ... on level 3 of the Dungeon.
             The game lasted 00:03:17 (2210 turns).

vegansnacktivist the Changer (Merfolk Transmuter)   Turns: 2210, Time: 00:03:19

Health: -2/32      AC:  2    Str: 10    XL:     4   Next: 93%
Magic:  5/7        EV: 21    Int: 13    God:
Gold:   159        SH:  0    Dex: 19    Spells: 3/7 levels left

rFire    + . .     SeeInvis .     - Unarmed
rCold    . . .     Gourm    .   (shield currently unavailable)
rNeg     . . .     Faith    .   (armour currently unavailable)
rPois    x         Spirit   .   (helmet currently unavailable)
rElec    .         Reflect  .   (cloak currently unavailable)
rCorr    .         Harm     .   (gloves currently unavailable)
MR       .....                  (boots currently unavailable)
Stlth    +++.......             (no amulet)
HPRegen  0.10/turn              m - ring of stealth
MPRegen  0.10/turn              f - ring of protection from fire

@: spider-form (expiring)
A: tiny, (change form in water), (swift swim), (stealthy swim)
a: End Transformation


You were on level 3 of the Dungeon.
You were not hungry.
You were a venomous arachnid creature.
You visited 1 branch of the dungeon, and saw 3 of its levels.

You collected 159 gold pieces.

Inventory:

Armour
 b - a +0 robe (melded)
Jewellery
 f - a ring of protection from fire (right front leg)
 m - a ring of stealth (left front leg)
Scrolls
 a - a scroll of identify
 c - 2 scrolls of remove curse
Potions
 g - a potion of ambrosia
 h - a potion of berserk rage
 i - a potion of degeneration
 k - a potion of mutation
Comestibles
 d - 6 rations
 o - 4 chunks of flesh


   Skills:
 - Level 1.1 Fighting
 - Level 2.6 Dodging
 - Level 3.2 Unarmed Combat
 - Level 2.0 Spellcasting
 + Level 6.5 Transmutations


You had 3 spell levels left.
You knew the following spells:

 Your Spells              Type           Power        Failure   Level  Hunger
a - Beastly Appendage     Tmut           ###...       7%          1    ##.....
b - Spider Form           Tmut/Pois      #.........   41%         3    ####...


Dungeon Overview and Level Annotations

Branches:
Dungeon (3/15)

Altars:


Message History

a dagger; a falchion; a leather armour; an orc corpse You completely miss the orc wizard.
The orc wizard gestures wildly while chanting.
The orc wizard blinks!
The orc misses you.
The orc shouts!
You hit the orc priest.
The orc priest is poisoned.
The orc priest is moderately wounded.
The orc hits you but does no damage. The orc priest misses you.
You closely miss the orc priest.
The orc priest is heavily wounded.
The orc wizard casts a spell.
The orc wizard seems to speed up.
The orc misses you. The orc priest closely misses you.
You hit the orc priest.
The orc priest looks as sick as possible!
The orc priest is severely wounded.
The orc closely misses you.
The orc priest calls down the wrath of Beogh upon you.
Beogh smites you!
You die...

*,,,,,,*,* ****************
*,****,,,* *.....,,,<,,,,,*
*,*****,** *....,********,*
*,,,,,,,,* *...#,* *,*
******,,***#,,***o..#,* *,*
,,,,,,,,* #.,,,,...#,* *,*
******,** ##.###...#.##******,**
*,* #....ooo.....,,,,,,,,, *,*
*,**#s#*,*>**,*****,** ### *,*
*,* #)#*,*,,,,,,,,,,* ..#
*,**##*,* #.#*,****,*****,**
..####,**...(###.#*,***,,,,,,,,,,
.................#*,,,,,,,,,,,,**
..#.......######.#*****,,>****,**
#.#.##....# #.# *,,,* *,,,
..#<##.##.# #.######.,,* ****
#.#.##.##.# ###........,,*


You could see an orc priest, an orc wizard and 2 orcs.

Vanquished Creatures
  5 adders (D:2)
  A worm (D:2)
  A dart slug (D:2)
  3 leopard geckos
  3 orcs (D:3)
  3 giant cockroaches
  5 goblins
  6 hobgoblins
  8 jackals
  4 kobolds
  6 bats
  3 frilled lizards
  7 rats
55 creatures vanquished.

Notes
Turn   | Place    | Note
-------+----------+-------------------------------------------
     0 | D:1      | vegansnacktivist the Merfolk Transmuter began the quest for the Orb.
     0 | D:1      | Reached XP level 1. HP: 15/15 MP: 3/3
    48 | D:1      | Reached skill level 3 in Transmutations
    73 | D:1      | Reached XP level 2. HP: 19/21 MP: 5/5
   266 | D:1      | Reached skill level 4 in Transmutations
   688 | D:1      | Reached XP level 3. HP: 24/26 MP: 6/6
   855 | D:2      | Reached skill level 5 in Transmutations
  1320 | D:2      | Reached XP level 4. HP: 24/32 MP: 7/7
  1398 | D:2      | Learned a level 3 spell: Spider Form
  1585 | D:2      | Found a faded altar of an unknown god.
  1624 | D:2      | Reached skill level 6 in Transmutations
  2210 | D:3      | Killed from afar by an orc priest

Vault maps used:
D:1:      minmay_arrival_stair_chambers, minmay_misc_feat_five
D:2:      chequers_ecumenical_altar_simple
D:3:      lemuel_round_altar, gup_sewer_entry_bubbles

Skill      XL: |  1  2  3  4 |
---------------+-------------+-----
Transmutations | 3 4 5 6 |  6.5
Fighting       | |  1.1
Dodging        | |  2.6
Unarmed Combat | |  3.2
Spellcasting   | |  2.0

Action                   |  1- 3 |  4- 6 || total
-------------------------+-------+-------++-------
Melee: Unarmed           |   130 |    97 ||   227
       Headbutt          |    13 |     2 ||    15
       Punch             |       |     1 ||     1
 Cast: Beastly Appendage |    16 |     6 ||    22
       Spider Form       |       |     1 ||     1
  Use: Scroll            |       |    10 ||    10
 Stab: Sleeping          |     2 |     4 ||     6
  Eat: Chunk             |     2 |     3 ||     5
Armor: Robe              |    16 |    15 ||    31
Dodge: Dodged            |   112 |    61 ||   173

Table legend:
 A = Spawn XP
 B = Non-spawn XP
 C = Spawn XP percentage of total XP
 D = Spawn monster count
 E = Non-spawn monster count
 F = Spawn count percentage of total count
 G = Total turns spent on level
                    A         B        C        D         E        F      G
               +---------+---------+-------+---------+---------+-------+---------
         Total |       0 |     160 |   0.0 |       0 |      55 |   0.0 |  2210
               +---------+---------+-------+---------+---------+-------+---------
           D:1 |       0 |      36 |   0.0 |       0 |      22 |   0.0 |  1092
           D:2 |       0 |     108 |   0.0 |       0 |      26 |   0.0 |  1019
           D:3 |       0 |      16 |   0.0 |       0 |       7 |   0.0 |    99
               +---------+---------+-------+---------+---------+-------+---------
